 Dungeon Sprint DCSS version 0.21.1-1-g345015f (webtiles) character file.

12 relionnb the Shield-Bearer (level 4, -5/39 HPs)
             Began as a Formicid Fighter on Mar 17, 2018.
             Was an Initiate of Okawaru.
             Splashed by a jelly's acid (7 damage)
             ... in the Dungeon (Sprint VI: "Thunderdome").
             The game lasted 00:03:40 (197 turns).

relionnb the Shield-Bearer (Formicid Fighter)        Turns: 197, Time: 00:03:40

Health: -5/39      AC:  0    Str: 22    XL:     4   Next: 20%
Magic:  4/4        EV:  9    Int:  7    God:    Okawaru [......]
Gold:   0          SH: 10    Dex: 10    Spells: 3/3 levels left

rFire    . . .     SeeInvis +   a - +0 long sword
rCold    . . .     Gourm    .   c - +0 shield
rNeg     . . .     Faith    .   b - +0 scale mail
rPois    .         Spirit   .   (helmet unavailable)
rElec    .         Reflect  .   (no cloak)
rCorr    .         Harm     .   (no gloves)
MR       .....                  (no boots)
Stlth    ..........             (no amulet)
HPRegen  0.13/turn              (no ring)
MPRegen  0.09/turn              (no ring)

@: lethally poisoned (-5 -> -8), corroded
A: permanent stasis, dig shafts and tunnels, four strong arms, antennae 3
a: Dig, Renounce Religion


You were in the Dungeon.
You worshipped Okawaru.
Okawaru was noncommittal.
You were not hungry.

You visited 1 branch

Inventory:

Hand Weapons
 a - a +0 long sword (weapon)
Armour
 b - a +0 scale mail (worn)
 c - a +0 shield (worn)
Scrolls
 k - a scroll of blinking
Potions
 d - a potion of might
 e - a potion of curing
 g - a potion of heal wounds
 h - a potion of haste
 i - 2 potions of magic
 j - a potion of berserk rage
Comestibles
 f - a ration
 l - a chunk of flesh


   Skills:
 + Level 5.1 Fighting
 * Level 4.1 Long Blades
 + Level 5.0 Armour
 + Level 0.7 Dodging
 + Level 5.8 Shields


You had 3 spell levels left.
You didn't know any spells.

Dungeon Overview and Level Annotations

Branches:
Dungeon (1/1)

Altars:
Cheibriados
Dithmenos
Fedhas
Gozag
Kikubaaqudgha
Makhleb
Okawaru
Qazlal
Ru
Sif Muna
Trog
Uskayaw
Vehumet
Wu Jian
Xom
Yredelemnul
Zin
The Shining One
Beogh
Jiyva
Lugonu

Shops:
D *[%??*?*:[((!!!!


Innate Abilities, Weirdness & Mutations

You cannot be hasted, slowed, berserked, paralysed or teleported.
You can dig through walls and to a lower floor.
Your four strong arms can wield two-handed weapons with a shield.
You have a pair of large antennae on your head. (SInv)


Message History

The adder is severely wounded.
You feel sick. You block the adder's attack. The jelly misses you.
You riposte.
You hit the jelly but do no damage. You barely miss the adder.
The adder is severely wounded.
You feel sick. The adder bites you. You block the jelly's attack.
The adder bites you.
* * * LOW HITPOINT WARNING * * *
You miss the adder.
The adder is severely wounded.
The adder bites you.
* * * LOW HITPOINT WARNING * * *
You block the jelly's attack. The adder bites you.
* * * LOW HITPOINT WARNING * * *
You barely miss the adder.
The adder is severely wounded.
The jelly hits you.
* * * LOW HITPOINT WARNING * * *
You are splashed with acid!
The acid burns!
You die...

#_.......
###........
#§.........
#####.8........
##∩_._......###..
###∩........8.# #.8
##..(..........###..
#⌠..........###...##
#⌠J@S.......# #.<.#
#⌠..........###...##
##.............###..
###∩........8.# #.8
##∩_._......###..
######.8........
#⌠.........
###........
#_.......


You could see a jelly and an adder.

Vanquished Creatures
  A hound (D)
  Terence (D)
  A quokka (D)
  A frilled lizard (D)
  A kobold (D)
  A rat (D)
6 creatures vanquished.

Notes
Turn   | Place    | Note
-------+----------+-------------------------------------------
     0 | D        | relionnb the Formicid Fighter began the quest for the Orb.
     0 | D        | Reached XP level 1. HP: 18/18 MP: 1/1
     1 | D        | Found a hide-covered altar of Uskayaw.
     1 | D        | Found a roughly hewn altar of Beogh.
     2 | D        | Found a burning altar of Makhleb.
     3 | D        | Found a shadowy altar of Dithmenos.
     3 | D        | Found an ornate altar of the Wu Jian Council.
     4 | D        | Found a snail-covered altar of Cheibriados.
     4 | D        | Found a bloodstained altar of Trog.
     4 | D        | Found Orcham's Staff Store.
     4 | D        | Found Noorijot's Magic Scroll Shop.
     5 | D        | Found Xerit's Must-Have Magic.
     5 | D        | Found Megonkuodd's Magic Scroll Shop.
     5 | D        | Round 1.
     8 | D        | Found a blossoming altar of Fedhas.
    10 | D        | Found a glowing silver altar of Zin.
    47 | D        | Noticed Terence
    58 | D        | Killed Terence
    58 | D        | Reached skill level 5 in Shields
    58 | D        | Reached XP level 2. HP: 15/26 MP: 2/2
    58 | D        | Reached XP level 3. HP: 18/31 MP: 3/3
    68 | D        | Found a shimmering altar of Xom.
    71 | D        | Found Wegidol's Distillery.
    77 | D        | Found Atteleysmy's Distillery.
    77 | D        | Found Denwag's Bottled Wisdom.
    81 | D        | Found a sacrificial altar of Ru.
    81 | D        | Found a stormy altar of Qazlal.
    81 | D        | Found a glowing golden altar of the Shining One.
    81 | D        | Found Kamma's Do-It-Yourself Clinic.
    87 | D        | Found a viscous altar of Jiyva.
    90 | D        | Found an opulent altar of Gozag.
    91 | D        | Found a radiant altar of Vehumet.
    94 | D        | Found Ficvyvezorgh's Weapon Rack.
    95 | D        | Found a basalt altar of Yredelemnul.
    95 | D        | Found a deep blue altar of Sif Muna.
    95 | D        | Found an ancient bone altar of Kikubaaqudgha.
    95 | D        | Found Ipooseag's Premium Goods.
    97 | D        | Found Yfav's Basic Armour.
    97 | D        | Found Xixuol's Miscellaneous Merchandise.
   127 | D        | Reached skill level 5 in Fighting
   127 | D        | Reached skill level 5 in Armour
   127 | D        | Reached XP level 4. HP: 29/39 MP: 4/4
   129 | D        | Found an iron altar of Okawaru.
   131 | D        | Found a corrupted altar of Lugonu.
   144 | D        | Arena points: 12 (+12) [x2]
   154 | D        | Found Yguihes's Identification Station.
   156 | D        | Found Puunko's Advanced Armour.
   156 | D        | Found Geluhasa's Jewellery.
   160 | D        | Became a worshipper of Warmaster Okawaru
   162 | D        | Found Ifag's Delicious Food.
   172 | D        | Round 2.
   197 | D        | Splashed by a jelly's acid

Skill      XL: |  1  2  3 |
---------------+----------+-----
Fighting       | 4 5 |  5.1
Long Blades    | 3 4 |  4.1
Armour         | 4 5 |  5.0
Shields        | 5 |  5.8
Dodging        | |  0.7

Action                   |  1- 3 |  4- 6 || total
-------------------------+-------+-------++-------
Melee: Long sword        |    36 |    21 ||    57
Armor: Scale mail        |     8 |     7 ||    15
Dodge: Dodged            |    12 |    13 ||    25
Block: Shield            |    26 |    10 ||    36
       Rpst.: Long sword |     3 |     5 ||     8
